AoeStats
← coys

Arena

509573570Analyzed
4v4 RM · 4d ago on Sep 27, 2026· 49m 16s· 8 players
Game mode
Random Map
Map size
Large (8 player)
Population
200
Speed
Normal
Resources
Standard
Victory
Conquest
Starting age
Dark Age
Ending age
Imperial Age
RankedLock teamsTeams togetherTeam positionsShared explorationLock speedFull tech treeHidden civsTurbo modeCheats
Victory
Defeat
🇨🇦 Teutons · Canada
1421
+11
🇵🇰 Poles · Pakistan
1317
+15
🇦🇺 Italians · Australia
1233
+18
🇵🇰 Mapuche · Pakistan
1174
+20
🇻🇳 Vietnamese · Vietnam
1303
-17
🇨🇳 Varangians · China
1294
-16
🇮🇹 Poles · Italy
1291
-16
🇨🇳 Spanish · China
1270
-15
SW_Paul
12:14 Feudal Age
12:45 Double-Bit Axe
13:06 Horse Collar
16:43 Castle Age
14:48 Stone Mining
14:52 Gold Mining
16:19 Stone Mining
18:26 Bow Saw
21:34 Loom
22:27 Wheelbarrow
21:58 Fletching
24:05 Heavy Plow
24:33 Loom
25:55 Stone Shaft Mining
29:27 Imperial Age
27:42 Fervor
27:53 Forging
27:55 Scale Barding Armor
28:44 Bloodlines
28:35 Husbandry
30:10 Hand Cart
30:25 Chain Barding Armor
30:33 Conscription
31:26 Iron Casting
31:28 Crop Rotation
32:09 Elite Jarl
33:48 Plate Barding Armor
34:18 Blast Furnace
34:59 Treadmill Crane
35:31 Fortified Wall
36:49 Coinage
36:16 Pikeman
36:57 Squires
36:42 Arson
36:58 Scale Mail Armor
37:22 Bodkin Arrow
38:15 Chain Mail Armor
38:46 Halberdier
40:05 Plate Mail Armor
40:34 Ballistics
40:24 Bodkin Arrow
40:58 Padded Archer Armor
41:59 Banking
41:14 Elite Skirmisher
42:21 Leather Archer Armor
42:23 Bracer
42:46 Leather Archer Armor
44:41 Chemistry
44:26 Imperial Skirmisher
47:26 Masonry
SW硬虎
10:23 Feudal Age
8:40 Loom
15:01 Castle Age
12:54 Stone Mining
12:53 Double-Bit Axe
15:25 Horse Collar
20:34 Fletching
21:39 Heavy Plow
26:38 Imperial Age
24:29 Gold Mining
25:05 Bow Saw
25:23 Bodkin Arrow
25:31 Padded Archer Armor
25:28 Bodkin Arrow
25:36 Padded Archer Armor
28:43 Bracer
28:59 Leather Archer Armor
30:53 Wheelbarrow
31:03 Pikeman
33:40 Hand Cart
33:31 Scale Mail Armor
34:02 Ring Archer Armor
33:42 Forging
33:27 Pikeman
33:53 Gambesons
34:09 Squires
33:47 Elite Skirmisher
34:30 Halberdier
34:56 Arson
35:44 Chain Mail Armor
36:05 Thumb Ring
37:03 Ring Archer Armor
37:16 Thumb Ring
37:41 Imperial Skirmisher
42:44 Guilds
43:03 Ballistics
bindella
10:43 Feudal Age
11:20 Horse Collar
11:27 Double-Bit Axe
16:57 Castle Age
18:03 Heavy Plow
18:30 Bow Saw
19:30 Wheelbarrow
22:08 Stone Mining
23:53 Gold Mining
24:31 Loom
25:02 Hand Cart
29:44 Imperial Age
27:25 Szlachta Privileges
27:21 Scale Mail Armor
27:30 Scale Barding Armor
27:53 Forging
28:24 Husbandry
28:35 Bloodlines
28:47 Chain Barding Armor
29:40 Iron Casting
29:11 Scale Mail Armor
29:54 Stone Shaft Mining
30:00 Town Watch
29:50 Cavalier
31:31 Blast Furnace
30:54 Conscription
31:54 Hoardings
32:11 Chain Mail Armor
31:57 Squires
31:43 Arson
32:59 Crop Rotation
33:38 Plate Mail Armor
34:55 Pikeman
36:51 Light Cavalry
37:23 Fletching
37:06 Elite Obuch
38:21 Winged Hussar
43:28 Lechitic Legacy
47:54 Bodkin Arrow
48:25 Ballistics
49:06 Chemistry
48:12 Siege Engineers
Chut Pro
10:50 Feudal Age
10:18 Loom
15:14 Castle Age
13:19 Horse Collar
13:55 Double-Bit Axe
16:07 Wheelbarrow
27:03 Hand Cart
30:06 Imperial Age
28:32 Scale Barding Armor
28:54 Gold Mining
29:15 Bow Saw
29:07 Heavy Plow
29:53 Fletching
30:03 Padded Archer Armor
30:34 Stone Mining
30:59 Bodkin Arrow
32:06 Chemistry
31:26 Ballistics
30:38 Elite Rattan Archer
32:47 Two-Man Saw
32:22 Crop Rotation
32:13 Bracer
32:29 Leather Archer Armor
34:37 Ring Archer Armor
38:05 Caravan
38:30 Chain Barding Armor
38:21 Forging
41:34 Sappers
42:28 Paper Money
42:11 Chatras
46:01 Bloodlines
45:53 Husbandry
45:17 Light Cavalry
46:37 Coinage
Out Of Res Once Again
11:10 Feudal Age
11:08 Loom
14:58 Castle Age
14:44 Wheelbarrow
14:28 Double-Bit Axe
16:57 Horse Collar
17:33 Bow Saw
17:43 Stone Mining
17:34 Horse Collar
18:55 Town Watch
19:00 Loom
21:59 Fletching
24:08 Heavy Plow
24:27 Padded Archer Armor
26:37 Bodkin Arrow
27:45 Leather Archer Armor
28:33 Hand Cart
28:22 Malon
31:59 Imperial Age
30:16 Town Patrol
32:21 Ballistics
32:25 Elite Bolas Rider
33:17 Butalmapu
33:33 Conscription
37:08 Hoardings
37:28 Gold Mining
38:11 Crop Rotation
40:40 Chemistry
39:52 Masonry
44:18 Ring Archer Armor
47:19 Elite Kona
48:54 Elite Skirmisher
aurangzaib.zahoor
10:37 Feudal Age
12:05 Double-Bit Axe
12:02 Horse Collar
15:24 Castle Age
15:53 Wheelbarrow
16:33 Bow Saw
21:41 Fletching
21:49 Loom
23:43 Ballistics
23:24 Padded Archer Armor
29:18 Bodkin Arrow
29:40 Gold Mining
30:48 Leather Archer Armor
31:44 Thumb Ring
31:54 Town Watch
36:06 Imperial Age
34:31 Hand Cart
34:31 Murder Holes
36:07 Masonry
37:11 Coinage
37:50 Chemistry
37:20 Architecture
36:56 Bracer
37:27 Ring Archer Armor
37:23 Gold Mining
37:23 Stone Mining
37:20 Elite Genoese Crossbowman
39:24 Fortified Wall
39:43 Heavy Plow
40:24 Conscription
40:25 Silk Road
40:57 Stone Shaft Mining
41:37 Crop Rotation
42:16 Caravan
42:47 Banking
44:57 Hoardings
47:33 Guilds
49:34 Two-Man Saw
coys
11:04 Feudal Age
12:31 Horse Collar
15:21 Castle Age
13:20 Double-Bit Axe
21:10 Bow Saw
23:46 Wheelbarrow
23:14 Heavy Plow
23:02 Loom
23:12 Fletching
27:29 Imperial Age
25:48 Scale Barding Armor
25:54 Forging
26:00 Szlachta Privileges
26:09 Gold Mining
26:54 Town Watch
27:30 Bloodlines
27:22 Husbandry
27:44 Chain Barding Armor
28:00 Iron Casting
28:10 Stone Mining
28:33 Cavalier
30:42 Blast Furnace
31:50 Conscription
36:44 Coinage
37:55 Hand Cart
41:43 Chemistry
40:49 Siege Engineers
42:09 Hoardings
41:58 Lechitic Legacy
41:00 Light Cavalry
43:12 Winged Hussar
Ismail
10:45 Feudal Age
14:36 Castle Age
12:40 Double-Bit Axe
12:47 Horse Collar
13:25 Gold Mining
15:29 Bow Saw
22:39 Stone Mining
22:52 Town Watch
23:46 Wheelbarrow
24:10 Loom
25:24 Hand Cart
25:04 Town Watch
26:07 Heavy Plow
26:32 Scale Barding Armor
26:37 Forging
26:39 Bloodlines
29:34 Imperial Age
28:24 Chain Barding Armor
28:40 Iron Casting
29:18 Coinage
29:22 Ballistics
29:37 Cavalier
30:54 Plate Barding Armor
31:27 Blast Furnace
31:18 Paladin
35:13 Siege Engineers
35:19 Masonry
40:10 Caravan
40:55 Ballistics
43:43 Fletching
44:17 Conscription
45:42 Bodkin Arrow
47:10 Banking
48:19 Chemistry
Connection lost

Rejoining the realm…

Still unreachable

The connection could not be restored.

Session expired

The server has moved on; the page needs a fresh start.